 Dungeon Crawl Stone Soup version 0.26-a0-541-g3b3d21e777 (webtiles) character file.

Game seed: 2647140388361953978

6041 Gebura the Carver (level 10, -1/73 HPs)
             Began as an Octopode Berserker on Aug 16, 2020.
             Was a High Priest of Trog.
             Slain by a vampire mosquito (5 damage)
             ... on level 9 of the Dungeon.
             The game lasted 00:34:05 (12735 turns).

Gebura the Carver (Octopode Berserker)             Turns: 12735, Time: 00:34:06

Health: -1/73      AC:  1    Str: 19    XL:     10   Next: 86%
Magic:  10/10      EV: 24    Int: 10    God:    Trog [*****.]
Gold:   523        SH:  0    Dex: 18    Spells: 9/9 levels left

rFire    . . .     SeeInvis .   a - +0 falchion
rCold    . . .     Faith    .   (no shield)
rNeg     . . .     Spirit   .   (helmet restricted)
rPois    .         Reflect  .   (no amulet)
rElec    .         Harm     .   s - +6 ring of dexterity
rCorr    .                      t - +4 ring of evasion
MR       +++..                  J - ring of protection from magic
Stlth    +++.......             (no ring)
HPRegen  1.22/turn              (no ring)
MPRegen  0.12/turn              (no ring)
                                (no ring)
                                (no ring)

@: regenerating (expiring)
A: almost no armour, stealthy swim, amphibious, 8 rings, constrict 8, camouflage
1, gelatinous body 1
a: Berserk, Trog's Hand, Brothers in Arms, Renounce Religion


You were on level 9 of the Dungeon.
You worshipped Trog.
Trog was extremely pleased with you.
You visited 1 branch of the dungeon, and saw 9 of its levels.

You collected 523 gold pieces.

Inventory:

Hand Weapons
 a - a +0 falchion (weapon)
 r - a +3 dagger of venom
 B - a +3 dagger of chaos
Missiles
 d - 44 poisoned darts
 g - 6 javelins
 i - 6 curare-tipped darts (quivered)
Jewellery
 s - a +6 ring of dexterity (left tentacle)
 t - a +4 ring of evasion (right tentacle)
 J - a ring of protection from magic (on tentacle)
Wands
 w - a wand of polymorph (13)
 E - a wand of acid (14)
 H - a wand of disintegration (12)
Scrolls
 b - 3 scrolls of identify
 c - a scroll of teleportation
 k - 2 scrolls of random uselessness
 u - 3 scrolls of noise
 x - a scroll of amnesia
 y - a scroll of immolation
 C - a scroll of remove curse
Potions
 h - 2 potions of flight
 j - a potion of resistance {unknown}
 l - 3 potions of mutation
 m - 2 potions of brilliance
 o - a potion of invisibility {unknown}
 q - a potion of berserk rage {unknown}
 v - 2 potions of might {unknown}
 z - a potion of cancellation {unknown}
 A - 2 potions of stabbing
 D - a potion of ambrosia {unknown}
 G - a potion of haste {unknown}
 I - 2 potions of degeneration {unknown}


   Skills:
 + Level 8.6 Fighting
 * Level 11.6 Long Blades
 + Level 8.6 Dodging


You had 9 spell levels left.
You didn't know any spells.
Your spell library was empty.

Dungeon Overview and Level Annotations

Branches:
Dungeon (9/15)             Temple (0/1) D:7            Lair (0/6) D:9
    Orc: D:9-12

Altars:
Dithmenos
Makhleb
Nemelex Xobeh
Okawaru
Ru
Trog
Wu Jian
Xom

Shops:
D:6 }

Annotations:
D:6 exclusion: upstairs
D:9 Grum


Innate Abilities, Weirdness & Mutations

You cannot wear most types of armour.
You are very stealthy in the water. (Stealth+)
You are amphibious.
You can wear up to eight rings at the same time.
You can use your tentacles to constrict eight enemies at once.
Your skin changes colour to match your surroundings (Stealth+).
Your rubbery body absorbs attacks. (AC +1, EV +1)


Message History

* * * LOW HITPOINT WARNING * * *
The vampire mosquito barely misses your ogre.
The vampire mosquito misses you.
You riposte.
You barely miss the vampire mosquito.
The vampire mosquito is heavily damaged.
Your ogre misses the vampire mosquito.
You release your grip on the vampire mosquito.
The vampire mosquito bites your ogre! The vampire mosquito bites you.
* * * LOW HITPOINT WARNING * * *
The vampire mosquito draws strength from your injuries!
The quokka bites your ogre. The vampire mosquito bites you!
* * * LOW HITPOINT WARNING * * *
The vampire mosquito draws strength from your injuries!
Your ogre closely misses the quokka.
The hound completely misses you. Grum misses you. The quokka bites your ogre.
Okay, then.
Okay, then.
You feel the effects of Trog's Hand fading.
The vampire mosquito bites you.
You die...

.....#....#......#..............
.....#....#......#..............
.....######......#..............
.................#............#
.................#..r.........#
.................#..h.h.......#
.................#...g.....=..#
###########..###########†######
#......#..@.hr....†.......
#......#..yyOg............
#......#...y..............
#..........################
#..........#..........#...#
##.........#..........'...#
#.........#..........#...#
#.........#..........#...#
#.....#...##....#..<.###'#


You could see Grum, 3 vampire mosquitoes, a hound, a quokka and a friendly ogre
(summoned, berserk).

Vanquished Creatures
  A two-headed ogre (D:8)
  A hippogriff (D:8)
  Sigmund (D:4)
  A wyvern (D:9)
  A yak (D:8)
  A vampire mosquito (D:9)
  4 sky beasts
  A black bear (D:7)
  4 orc warriors
  4 phantoms
  5 ogres
  2 centaurs (D:5)
  3 wolves (D:9)
  A big kobold (D:8)
  5 bullfrogs
  3 scorpions
  A water moccasin skeleton (D:9)
  5 wights (D:8)
  3 howler monkeys
  2 bullfrog zombies (D:7)
  A crimson imp (D:5)
  A quasit (D:5)
  2 centaur zombies
  A hound (D:4)
  6 orc priests
  A jelly (D:8)
  7 orc wizards
  2 iguanas
  A centaur skeleton (D:4)
  8 worker ants
  A hound zombie (D:7)
  2 hound skeletons
  Robin (D:4)
  A worker ant zombie (D:5)
  14 adders
  6 white imps
  An ufetubus (D:7)
  An ooze (D:3)
  3 adder skeletons
  5 worms
  3 dart slugs
  8 leopard geckos
  41 orcs
  7 giant cockroaches
  21 goblins
  12 hobgoblins
  12 kobolds
  3 quokkas
  4 ball pythons
  6 bats
  2 frilled lizards
  A jackal skeleton (D:4)
  A leopard gecko zombie (D:7)
  3 rats
238 creatures vanquished.

Vanquished Creatures (collateral kills)
  Joseph (D:7)
  A yak (D:7)
  A wolf (D:9)
3 creatures vanquished.

Grand Total: 241 creatures vanquished

Notes
Turn   | Place    | Note
-------+----------+-------------------------------------------
     0 | D:1      | Gebura the Octopode Berserker began the quest for the Orb.
     0 | D:1      | Reached XP level 1. HP: 16/16 MP: 1/1
   285 | D:1      | Reached XP level 2. HP: 18/21 MP: 2/2
   986 | D:2      | Reached XP level 3. HP: 26/26 MP: 3/3
  1284 | D:2      | Found a sacrificial altar of Ru.
  1297 | D:2      | Reached ** piety under Trog
  1512 | D:2      | Reached skill level 4 in Long Blades
  1512 | D:2      | Reached XP level 4. HP: 31/31 MP: 4/4
  1845 | D:3      | Reached XP level 5. HP: 25/37 MP: 5/5
  2412 | D:3      | Found an iron altar of Okawaru.
  2414 | D:3      | Found a shadowy altar of Dithmenos.
  2610 | D:3      | Reached skill level 5 in Long Blades
  2807 | D:4      | Reached XP level 6. HP: 31/43 MP: 6/6
  3607 | D:4      | Noticed Robin
  3618 | D:4      | Reached XP level 7. HP: 49/49 MP: 7/7
  3625 | D:4      | Reached *** piety under Trog
  3679 | D:4      | Killed Robin
  3962 | D:4      | Found a sparkling altar of Nemelex Xobeh.
  4033 | D:4      | Noticed Sigmund
  4044 | D:4      | Reached skill level 6 in Long Blades
  4047 | D:4      | Killed Sigmund
  4263 | D:4      | Reached skill level 5 in Fighting
  4263 | D:4      | Reached skill level 5 in Dodging
  4722 | D:4      | Reached skill level 7 in Long Blades
  4722 | D:4      | Reached XP level 8. HP: 26/55 MP: 8/8
  4909 | D:5      | Entered Level 5 of the Dungeon
  5830 | D:6      | Found Ulil's Gadget Boutique.
  5837 | D:6      | Found a bloodstained altar of Trog.
  6561 | D:5      | Reached skill level 8 in Long Blades
  6584 | D:5      | Reached **** piety under Trog
  6589 | D:5      | Found a burning altar of Makhleb.
  6590 | D:5      | Found a shimmering altar of Xom.
  6953 | D:6      | Reached XP level 9. HP: 62/62 MP: 9/9
  7433 | D:7      | Noticed Joseph
  7627 | D:7      | Reached skill level 9 in Long Blades
  9158 | D:7      | Found an ornate altar of the Wu Jian Council.
  9177 | D:7      | Found a staircase to the Ecumenical Temple.
  9543 | D:7      | Reached ***** piety under Trog
 10411 | D:8      | Reached skill level 10 in Long Blades
 10555 | D:8      | Reached XP level 10. HP: 71/71 MP: 10/10
 10898 | D:8      | Noticed a two-headed ogre
 10921 | D:8      | Killed a two-headed ogre
 11547 | D:8      | Reached skill level 11 in Long Blades
 11659 | D:7      | Killed Joseph
 12211 | D:9      | Found a staircase to the Lair.
 12711 | D:9      | Noticed Grum
 12734 | D:9      | HP: 2/73 [vampire mosquito (8)]
 12735 | D:9      | Slain by a vampire mosquito

Illustrated notes

Levels and vault maps discovered:
D:1:      onia_arrival_pyramid, layout_basic
D:2:      layout_basic, nicolae_ru_awakened_eye
D:3:      layout_basic, nicolae_overflow_hidden_temple
D:4:      layout_basic, nemelex_altar_shiori, uniq_robin, uniq_sigmund
D:5:      layout_basic, grunt_temple_overflow_champion_of_chaos
D:6:      layout_loops_ring, serial_shops, shop, trog_hazing_becter
D:7:      layout_basic, lemuel_coloured_pillars_altar,
          minmay_temple_entry_enclosed_plants, uniq_joseph
D:8:      wander_river, layout_gridville
D:9:      layout_grid_maze, kennysheep_little_box, lair_entry_dummy, uniq_grum

Skill      XL: |  1  2  3  4  5  6  7  8  9 10 |
---------------+-------------------------------+-----
Long Blades    | 4 5 7 8 10 11 | 11.6
Fighting       | 4 5 6 7 8 |  8.6
Dodging        | 4 5 6 7 8 |  8.6

Action                   |  1- 3 |  4- 6 |  7- 9 | 10-12 || total
-------------------------+-------+-------+-------+-------++-------
Melee: Falchion          |    65 |    98 |    10 |    52 ||   225
       Constrict         |    21 |    29 |    79 |    26 ||   155
       Tentacles         |     9 |    24 |   117 |    48 ||   198
       Dagger            |       |       |   357 |   107 ||   464
Throw: Dart              |       |     1 |     4 |     4 ||     9
Invok: Trog's Hand       |       |       |     1 |     1 ||     2
       Brothers in Arms  |       |       |       |     2 ||     2
  Use: Scroll            |       |     2 |     6 |     9 ||    17
       Potion            |       |       |     2 |     1 ||     3
 Stab: Sleeping          |     2 |     5 |     6 |     1 ||    14
       Distracted        |       |       |     2 |       ||     2
       Confused          |       |       |     1 |       ||     1
       Paralysed         |       |       |     1 |       ||     1
       Petrifying        |       |       |       |     1 ||     1
Armor: Skin              |     6 |     7 |    10 |     1 ||    24
Dodge: Dodged            |    47 |    63 |   274 |   148 ||   532
       Rpst.: Falchion   |    14 |    19 |       |    22 ||    55

Table legend: (Time is in decaauts)
 A = Elapsed time spent in this place.
 B = Non-inter-level travel time spent in this place.
 C = Inter-level travel time spent in this place.
 D = Time resting spent in this place.
 E = Time spent auto-exploring this place.
 F = Levels seen in this place.
 G = Mean time per level.
                   A        B        C        D        E       F      G
               +--------+--------+--------+--------+--------+-----+--------+
         Total |  12616 |  12225 |    391 |   5191 |   4311 |   9 | 1401.8 |
       Dungeon |  12616 |  12225 |    391 |   5191 |   4311 |   9 | 1401.8 |
               +--------+--------+--------+--------+--------+-----+--------+

Top non-repeatable levels by time:
     D:7: 2718 daAuts
     D:4: 1946 daAuts
     D:8: 1508 daAuts
     D:6: 1482 daAuts
     D:3: 1313 daAuts
     D:5: 1142 daAuts
     D:1: 874 daAuts
     D:9: 854 daAuts
     D:2: 777 daAuts
